Map: Port Aleksander LE

Players

Zest - Winner!

  • Race: Protoss Protoss
  • Spawn Location: 11:00

Creator

  • Race: Protoss Protoss
  • Spawn Location: 5:00

Event: IEM Season 13: Katowice (2019)

VOD

Have the link to the VOD?

Description

Time

  • Played on: Feb. 28, 2019, 6:32 a.m.
  • Length: 5:58

All games in this series

Show
View Real Time Build Order
Export as new Build Order

Zest Protoss - Winner!

Build Orders: Oracle Opening, Phoenix Opening 

Get SALT Encoding   

  12  0:00  Probe  
  13  0:12  Probe  
  14  0:18  Pylon  
  14  0:24  Probe  
  15  0:32  Probe  
  15  0:38  Gateway  
  15  0:40  Probe  
  16  0:47  Assimilator  
  17  0:51  Probe  
  17  0:56  Assimilator  
  18  1:00  Probe  
  19  1:08  Probe  
  19  1:09  Gateway  
  19  1:18  Probe  
  21  1:26  Cybernetics Core  
  21  1:30  Probe  
  22  1:37  Pylon  
  22  1:42  Probe  
  23  1:55  Probe  
  24  2:03  Warp Gate, Sentry, Stalker  
  28  2:11  Pylon  
  28  2:30  Stargate  
  28  2:36  Phoenix  
  28  2:45  Nexus  
  28  2:53  Probe  
  29  3:05  Probe  
  30  3:07  Oracle  
  30  3:17  Probe  
  34  3:27  Pylon  
  34  3:29  Probe  
  35  3:34  Oracle  
  35  3:41  Probe  
  39  3:52  Stalker x2  
  39  3:53  Probe  
  44  3:57  Probe  
  44  4:01  Oracle  
  45  4:05  Probe  
  45  4:09  Probe  
  47  4:11  Pylon  
  50  4:17  Probe  
  50  4:22  Probe  
  52  4:25  Zealot, Stalker  
  57  4:31  Probe  
  57  4:34  Probe  
  58  4:40  Pylon  
  58  4:43  Probe  
  59  4:46  Probe  
  59  4:48  Stalker x2  
  64  4:55  Probe  
  64  4:58  Probe  
  66  5:05  Twilight Council, Assimilator  
  66  5:07  Forge, Assimilator  
  66  5:11  Adept  
  66  5:12  Adept  
  68  5:25  Probe  
  64  5:38  Probe x2  
  64  5:52  Gateway  
  64  5:53  Gateway  
  64  5:54  Gateway  
  64  5:57  Gateway  
Show
View Real Time Build Order
Export as new Build Order

Creator Protoss 

Build Orders: Phoenix Opening 

Get SALT Encoding   

  12  0:00  Probe  
  13  0:12  Probe  
  14  0:17  Pylon  
  14  0:24  Probe  
  15  0:32  Probe  
  15  0:39  Gateway  
  15  0:40  Probe  
  16  0:47  Assimilator  
  17  0:51  Probe  
  17  0:55  Assimilator  
  18  0:59  Probe  
  19  1:08  Gateway, Probe  
  20  1:18  Probe  
  21  1:26  Cybernetics Core  
  21  1:31  Probe  
  22  1:36  Pylon  
  22  1:43  Probe  
  23  1:55  Probe  
  24  2:03  Sentry, Stalker  
  24  2:05  Warp Gate  
  28  2:12  Pylon  
  28  2:37  Nexus  
  28  2:38  Probe, Phoenix  
  29  2:52  Probe  
  30  3:01  Stalker x2  
  30  3:05  Probe  
  35  3:09  Pylon  
  35  3:16  Probe  
  36  3:22  Forge  
  36  3:24  Probe  
  36  3:33  Probe  
  37  3:38  Shield Battery  
  38  3:44  Probe  
  38  3:47  Probe  
  39  3:52  Sentry x2  
  39  3:55  Probe  
  44  3:56  Probe  
  44  3:59  Protoss Ground Weapons Level 1  
  46  4:03  Probe  
  46  4:08  Probe  
  48  4:14  Twilight Council  
  48  4:15  Stalker  
  50  4:18  Stalker  
  50  4:23  Shield Battery  
  52  4:26  Probe x2  
  54  4:34  Probe x2  
  54  4:39  Pylon  
  54  4:42  Probe  
  54  4:43  Assimilator  
  54  4:44  Probe  
  54  4:45  Stalker, Assimilator  
  59  4:52  Stalker  
  59  4:58  Probe  
  62  5:00  Probe  
  62  5:04  Pylon  
  63  5:14  Stalker  
  63  5:21  Stalker  
  51  5:32  Probe  
  51  5:33  Probe  
  44  5:37  Stalker  
  44  5:41  Stalker  

Tags
 
Add a new tag
Caveats
  • Supply blocks, unpowered buildings, or Contaminate may cause inaccurate times.
  • Supply counts are checked every 10 seconds.